 Dungeon Crawl Stone Soup version bcrawl-1.24.2 (webtiles) character file.

Game seed: 4694833144988672468

7790 Freyura the Fighter (level 11, -18/101 HPs)
             Began as a Minotaur Fighter on June 20, 2020.
             Was a Priest of the Shining One.
             Killed from afar by a fire dragon (32 damage)
             ... with a blast of flame
             ... on level 7 of the Dungeon.
             The game lasted 00:28:11 (7785 turns).

Freyura the Fighter (Minotaur Fighter)              Turns: 7785, Time: 00:28:12

Health: -18/101    AC: 16    Str: 23    XL:     11   Next: 1%
Magic:  14/14      EV:  9    Int: 14    God:    the Shining One [***...]
Gold:   464        SH: 15    Dex: 15    Spells: 10/10 levels left

rFire    . . .     SeeInvis .   a - +1 long sword
rCold    + . .     Gourm    .   c - +0 medium shield
rNeg     + + +     Faith    .   B - +1 chain mail {rPois}
rPois    +         Spirit   .   (helmet restricted)
rElec    +         Reflect  .   x - +0 cloak "Cinkor" {rF- Str+2 Dex+4}
rCorr    +         Harm     .   w - +0 pair of gloves (curse)
MR       +....     Clarity  +   l - +0 pair of boots
Stlth    ..........             (no amulet)
HPRegen  0.26/turn              (no ring)
MPRegen  0.14/turn              z - ring "Ywull" {rPois rN+++ MR+ Int+9 Dex-2}

@: resistant, hasted, glowing, very quick
A: retaliatory headbutt, horns 2, blurry vision 1, clarity
a: Divine Shield, Renounce Religion


You were on level 7 of the Dungeon.
You worshipped the Shining One.
The Shining One was most pleased with you.
You were not hungry.

You visited 2 branches of the dungeon, and saw 8 of its levels.

You collected 464 gold pieces.

Inventory:

Hand Weapons
 a - a +1 long sword (weapon)
Armour
 c - a +0 medium shield (worn)
 d - a scarf of stasis
 f - a +1 pair of gloves
 i - a +0 cloak
 l - a +0 pair of boots (worn)
 w - a cursed +0 pair of gloves (worn)
 x - the +0 cloak "Cinkor" (worn) {rF- Str+2 Dex+4}
   (You found it on level 7 of the Dungeon)

   It affects your strength (+2).
   It affects your dexterity (+4).
   It makes you vulnerable to fire.
 B - a +1 chain mail of poison resistance (worn)
Jewellery
 z - the ring "Ywull" (right hand) {rPois rN+++ MR+ Int+9 Dex-2}
   (You found it on level 7 of the Dungeon)

   [ring of poison resistance]

   It affects your intelligence (+9).
   It affects your dexterity (-2).
   It protects you from poison.
   It renders you almost immune to negative energy.
   It affects your resistance to hostile enchantments.
Wands
 q - a wand of polymorph (8)
Scrolls
 j - 6 scrolls of teleportation
 k - 2 scrolls of amnesia
 n - a scroll of enchant weapon
 o - 2 scrolls of blinking
 v - a scroll of identify
Potions
 g - 2 potions of curing
 h - a potion of lignification
 m - a potion of flight
 p - a potion of mutation
 r - a potion of heal wounds {unknown}
 t - a potion of haste
 u - a potion of ambrosia {unknown}
 A - a potion of brilliance {unknown}
Comestibles
 e - 15 rations {!d}


   Skills:
 * Level 10.8 Fighting
 * Level 10.4 Long Blades
 + Level 8.2 Armour
 + Level 6.2 Dodging
 + Level 8.2 Shields
 + Level 5.7 Invocations


You had 10 spell levels left.
You didn't know any spells.
Your spell library contained the following spells:

 Spells                   Type           Power        Failure   Level  Hunger
 Animate Skeleton         Necr           N/A          100%        1    ##.....
 Beastly Appendage        Tmut           #.....       100%        1    ##.....
 Pain                     Necr           #.....       100%        1    ##.....
 Sticks to Snakes         Tmut           #.......     100%        2    ###....
 Regeneration             Chrm/Necr      #.........   100%        3    ####...
 Spider Form              Tmut/Pois      #..          100%        3    ####...
 Vampiric Draining        Necr           #.........   100%        3    ####...
 Animate Dead             Necr           N/A          100%        4    #####..
 Ice Form                 Ice/Tmut       #.......     100%        4    #####..
 Blade Hands              Tmut           #.........   100%        5    ######.
 Bolt of Draining         Conj/Necr      #.........   100%        5    ######.


Dungeon Overview and Level Annotations

Branches:
Dungeon (7/12)             Temple (1/1) D:6
   Lair: D:7-9

Altars:
Ashenzari
Cheibriados
Dithmenos
Elyvilon
Fedhas
Gozag
Hepliaklqana
Kikubaaqudgha
Lugonu
Makhleb
Nemelex Xobeh
Okawaru
Ru
Sif Muna
Trog
Uskayaw
Vehumet
Wu Jian
Xom
Yredelemnul
Zin
The Shining One


Innate Abilities, Weirdness & Mutations

You reflexively headbutt those who attack you in melee.
You have a pair of horns on your head.
Scrolls take you a little longer to read.
You possess an exceptional clarity of mind.


Message History

You kill the red ugly thing!
The fire dragon breathes flames at you. The blast of flame hits you!!
* * * LOW HITPOINT WARNING * * *
You slash the troll!
The troll is moderately wounded.
You hit the troll. You headbutt the troll.
The troll is heavily wounded.
You block the troll's attack.
The troll claws you but does no damage. x2
You hit the troll.
The troll is heavily wounded.
You hit the troll.
The troll is severely wounded.
You block the troll's attack. x2; The troll claws you but does no damage.
You hit the troll. You headbutt the troll!
You kill the troll!
You have reached level 11!
The fire dragon breathes flames at you. The blast of flame hits you!!
You die...

#############.....##.....
#..............#..)#..##.
#.................######.
#..'#############...#####
#..#.#$...$#.##.#.....#..
##.#.##...##.##.##.......
#)##.#.D.#.##...#...#...
#.)#.##.##.##...##.....#
##.##.#@#.##.....#...##.
#).#.#'#.##.....##.###.
##.##...##.#####.#..##.
#..#...##.#..(#.##..#.
##.##.##..#.###..#....
#..#.##..#.))...##...
##.#'#########'#'#...
####.##..#.#.#..##.#...
##..#..#..#.#.#..##.##..


You could see a fire dragon.

Vanquished Creatures
  An unseen horror (D:7)
  A flayed ghost (D:7)
  A cyclops (D:7)
  The ghost of astraldaughter the Poker, a novice FoRe of Vehumet (D:6)
  An ugly thing (D:7)
  Joseph (D:7)
  A yaktaur (D:7)
  4 trolls
  A slime creature (D:7)
  Sigmund (D:5)
  Eustachio (D:5)
  A vampire mosquito (D:7)
  Menkaure (D:5)
  A steam dragon (D:6)
  2 hungry ghosts (D:7)
  Edmund (D:5)
  A water moccasin (D:6)
  A black bear (D:6)
  An orc warrior (D:7)
  2 phantoms
  A sky beast (D:6)
  2 ice beasts
  2 ogres
  A centaur (D:7)
  11 big kobolds (D:6)
  3 bullfrogs
  A gnoll sergeant (D:5)
  A scorpion (D:7)
  5 wights (D:7)
  2 crimson imps (D:7)
  2 hounds
  Crazy Yiuf (D:6)
  3 orc priests (D:5)
  Ijyb (D:5)
  An orc wizard (D:7)
  5 worker ants
  An iguana (D:6)
  A hound skeleton (D:7)
  A worker ant zombie (D:7)
  10 gnolls
  3 adders
  2 shadow imps
  An ooze (D:3)
  An adder skeleton (D:7)
  3 worms
  2 dart slugs
  2 leopard geckos
  13 orcs
  2 giant cockroaches
  2 goblins (D:2)
  7 hobgoblins
  4 jackals
  19 kobolds
  2 quokkas (D:7)
  5 bats
  2 frilled lizards (D:2)
  2 rats
152 creatures vanquished.

Vanquished Creatures (others)
  A fungus (D:6)
  3 plants (D:6)
4 creatures vanquished.

Grand Total: 156 creatures vanquished

Notes
Turn   | Place    | Note
-------+----------+-------------------------------------------
     0 | D:1      | Freyura the Minotaur Fighter began the quest for the Orb.
     0 | D:1      | Reached XP level 1. HP: 19/19 MP: 0/0
    98 | D:1      | Got a bound ruby amulet
    99 | D:1      | Identified the amulet of Vowkezergh {Inacc rElec rC+ Str-4}
                  | (You found it on level 1 of the Dungeon)
   355 | D:1      | Reached XP level 2. HP: 26/27 MP: 1/1
   849 | D:2      | Found a white marble altar of Elyvilon.
   859 | D:2      | Became a worshipper of Elyvilon the Healer
  1087 | D:2      | Reached XP level 3. HP: 28/33 MP: 2/2
  1357 | D:2      | Reached * piety under Elyvilon
  1488 | D:3      | Noticed a phantom
  1526 | D:3      | Killed a phantom
  1526 | D:3      | Reached skill level 1 in Dodging
  1526 | D:3      | Reached skill level 1 in Invocations
  1526 | D:3      | Reached XP level 4. HP: 4/41 MP: 3/3
  1742 | D:3      | Reached XP level 5. HP: 47/47 MP: 4/4
  1867 | D:3      | Found a faded altar of an unknown god.
  1888 | D:3      | Found a sparkling altar of Nemelex Xobeh.
  1931 | D:3      | Reached ** piety under Elyvilon
  2041 | D:3      | Found a burning altar of Makhleb.
  2041 | D:3      | Noticed a cacodemon
  2044 | D:3      | Noticed a neqoxec
  2044 | D:3      | Noticed an orange demon
  2525 | D:3      | Found a hide-covered altar of Uskayaw.
  2592 | D:4      | Reached skill level 5 in Fighting
  2809 | D:4      | Reached XP level 6. HP: 47/56 MP: 6/6
  2893 | D:4      | Reached *** piety under Elyvilon
  3294 | D:5      | Entered Level 5 of the Dungeon
  3450 | D:5      | Noticed Ijyb
  3462 | D:5      | Killed Ijyb
  3700 | D:5      | Reached XP level 7. HP: 62/62 MP: 7/7
  3707 | D:5      | Reached skill level 5 in Long Blades
  3707 | D:5      | Reached skill level 5 in Shields
  3752 | D:5      | Reached skill level 5 in Armour
  3868 | D:5      | Noticed Sigmund
  3907 | D:5      | Killed Sigmund
  4077 | D:5      | Found a hazy altar of Hepliaklqana.
  4107 | D:5      | Noticed Eustachio
  4113 | D:5      | Killed Eustachio
  4114 | D:5      | Reached **** piety under Elyvilon
  4121 | D:5      | Noticed Menkaure
  4133 | D:5      | HP: 3/64 [Menkaure (3)]
  4134 | D:5      | Killed Menkaure
  4134 | D:5      | Reached XP level 8. HP: 3/71 MP: 7/9
  4587 | D:5      | Noticed Edmund
  4608 | D:5      | Killed Edmund
  4766 | D:6      | Found a staircase to the Ecumenical Temple.
  4797 | Temple   | Entered the Ecumenical Temple
  4937 | Temple   | Fell from the grace of Elyvilon
  4937 | Temple   | Became a worshipper of the Shining One
  4937 | Temple   | Reached * piety under the Shining One
  4937 | Temple   | Reached ** piety under the Shining One
  5399 | D:6      | Found a runed door.
  5526 | D:6      | Found a runed translucent gate.
  5527 | D:6      | Found a runed translucent gate.
  5527 | D:6      | Noticed astraldaughter's ghost (novice FoRe)
  5528 | D:6      | Found a runed translucent gate.
  5639 | D:6      | Reached XP level 9. HP: 81/81 MP: 10/10
  5740 | D:6      | Identified the +6 dagger "Mud Pie of Death" {chaos, +Rage
                  | Int-3 Dex+2}
  5791 | D:6      | Gained mutation: Scrolls take you a little longer to read.
                  | [potion of mutation]
  5791 | D:6      | Gained mutation: You possess an exceptional clarity of
                  | mind. [potion of mutation]
  5850 | D:6      | Killed astraldaughter's ghost
  6039 | D:6      | Noticed Crazy Yiuf
  6047 | D:6      | Killed Crazy Yiuf
  6145 | D:7      | Found an ornate altar of the Wu Jian Council.
  6156 | D:7      | Noticed a troll
  6261 | D:6      | Killed a troll
  6447 | D:7      | Reached skill level 5 in Dodging
  6555 | D:7      | Noticed a troll
  6572 | D:7      | Killed a troll
  6945 | D:7      | Noticed a fire dragon
  6945 | D:7      | Noticed a red ugly thing
  6945 | D:7      | Noticed a troll
  6946 | D:7      | Noticed an unseen horror
  6949 | D:7      | Found a runed door.
  6958 | D:7      | Reached XP level 10. HP: 91/91 MP: 12/12
  7053 | D:7      | Noticed a cyclops
  7053 | D:7      | Noticed a flayed ghost
  7072 | D:7      | Killed a flayed ghost
  7072 | D:7      | Reached skill level 5 in Invocations
  7083 | D:7      | Reached skill level 10 in Fighting
  7103 | D:7      | Killed a cyclops
  7268 | D:7      | Got a jewelled cloak
  7275 | D:7      | Got a fine brass ring
  7275 | D:7      | Got a vibrating golden ring
  7292 | D:7      | Identified the +0 cloak "Cinkor" {rF- Str+2 Dex+4} (You
                  | found it on level 7 of the Dungeon)
  7302 | D:7      | Identified the ring of Bodily Harmony {rElec rF- MR+ Str-5
                  | Stlth+} (You found it on level 7 of the Dungeon)
  7303 | D:7      | Identified the ring "Ywull" {rPois rN+++ MR+ Int+9 Dex-2}
                  | (You found it on level 7 of the Dungeon)
  7373 | D:7      | Reached *** piety under the Shining One
  7432 | D:7      | Noticed Joseph
  7442 | D:7      | Killed Joseph
  7442 | D:7      | Reached skill level 10 in Long Blades
  7766 | D:7      | Killed an unseen horror
  7779 | D:7      | Killed a red ugly thing
  7785 | D:7      | Reached XP level 11. HP: 14/101 MP: 14/14
  7785 | D:7      | Killed from afar by a fire dragon

Skill      XL: |  1  2  3  4  5  6  7  8  9 10 |
---------------+-------------------------------+-----
Fighting       | 4 5 6 8 9 10 | 10.8
Armour         | 4 5 6 7 8 |  8.2
Shields        | 4 5 6 7 8 |  8.2
Long Blades    | 3 4 6 7 9 10 | 10.4
Dodging        | 1 2 3 4 5 6 |  6.2
Invocations    | 1 2 3 4 5 |  5.7

Action                   |  1- 3 |  4- 6 |  7- 9 | 10-12 || total
-------------------------+-------+-------+-------+-------++-------
Melee: Long sword        |    83 |   123 |   276 |   120 ||   602
       Headbutt          |    16 |    24 |    69 |    29 ||   138
Invok: Divine Shield     |       |       |     2 |       ||     2
  Use: Scroll            |       |     8 |     5 |     2 ||    15
       Potion            |       |     1 |     2 |     2 ||     5
  Eat: Chunk             |     1 |     8 |    11 |       ||    20
       Ration            |       |       |       |     1 ||     1
Armor: Scale mail        |    29 |    25 |    64 |    12 ||   130
       Chain mail        |       |       |       |    16 ||    16
Dodge: Dodged            |    16 |    36 |    61 |    26 ||   139
Block: Medium shield     |    39 |    70 |   174 |    56 ||   339
